 Seeded DCSS version 0.28-a0-1510-gd0f6b136d3 (webtiles) character file.

Game seed: 109748656044462473 (custom seed)

86 riojii the Insei (level 4, 0/36 HPs)
             Began as a Draconian Transmuter on Jan 14, 2022.
             Killed from afar by an orc wizard (3 damage)
             ... with a puff of flame
             ... on level 3 of the Dungeon.
             The game lasted 00:03:42 (2171 turns).

riojii the Insei (Draconian Transmuter)             Turns: 2171, Time: 00:03:43

Health: 0/36       AC: 10    Str: 12    XL:     4   Next: 27%
Magic:  7/7        EV: 12    Int: 14    God:
Gold:   72         SH:  0    Dex: 13    Spells: 4/8 levels left

rFire   . . .      SeeInvis .     - Unarmed
rCold   . . .      Faith    .   (no shield)
rNeg    . . .      Spirit   .   (armour unavailable)
rPois   .          Reflect  .   (helmet currently unavailable)
rElec   .          Harm     .   (no cloak)
rCorr   .          Rampage  .   g - +0 pair of gloves
Will    .....                   (boots currently unavailable)
Stlth   +.........              (no amulet)
HPRegen 0.12/turn               b - +4 ring of protection
MPRegen 0.10/turn               (no ring)

@: confused, appendages (expiring)
A: horns 2, talons 2, AC +5, unfitting armour, cold-blooded
a: End Transformation


You were on level 3 of the Dungeon.
You had temporarily grown beastly horns and talons.
You visited 1 branch of the dungeon, and saw 3 of its levels.

You collected 72 gold pieces.

Inventory:

Armour
 g - a +0 pair of gloves (worn)
Jewellery
 b - a +4 ring of protection (left hand)
 e - a ring of protection from fire
Scrolls
 c - a scroll of teleportation
 i - a scroll of fog
Potions
 a - a potion of degeneration {unknown}
 d - a potion of invisibility {unknown}
 f - a potion of heal wounds
 h - a potion of lignification {unknown}


   Skills:
 + Level 1.9 Fighting
 + Level 2.3 Dodging
 * Level 3.8 Unarmed Combat
 + Level 2.5 Spellcasting
 + Level 2.5 Transmutations


You had 4 spell levels left.
You knew the following spells:

 Your Spells              Type           Power      Damage    Failure   Level
a - Beastly Appendage     Tmut           16%        N/A       8%          1
b - Spider Form           Tmut/Pois      5%         N/A       38%         3

Your spell library contained the following spells:

 Spells                   Type           Power      Damage    Failure   Level
 Wereblood                Tmut           8%         N/A       12%         2
 Ice Form                 Ice/Tmut       5%         N/A       80%         4


Dungeon Overview and Level Annotations

Branches:
Dungeon (3/15)

Altars:

Shops:
D:3 :

Annotations:
D:3 1 transporter


Innate Abilities, Weirdness & Mutations

You have temporarily grown beastly horns and talons.
Your plain brown scales are hard. (AC +5)
You cannot fit into any form of body armour.
You are cold-blooded and may be slowed by cold attacks.


Message History

You hear some strange, mumbled words.
A puff of flame appears from out of thin air!
The puff of flame hits you!
You miss something. Something hits you.
* * * LOW HITPOINT WARNING * * *
You are too injured to fight recklessly!
Casting: Beastly Appendage (safe; 8% risk of failure)
Confirm with . or Enter, or press ? or * to list all spells.
You grow a pair of large bovine horns.
Your feet morph into talons.
Something hits you but does no damage.
You barely miss something. Your kick misses something.
Your headbutt misses something. Something hits you.
* * * LOW HITPOINT WARNING * * *
You hear some strange, mumbled words.
You are confused.
A magic dart appears from out of thin air!
The magic dart hits you but does no damage.
You hear some strange, mumbled words.
You are more confused.
Something hits you.
* * * LOW HITPOINT WARNING * * *
You completely miss something. Something hits you but does no damage.
Something hits you.
* * * LOW HITPOINT WARNING * * *
You bump into the stone wall.
Your transformation is almost over.
Something hits you.
* * * LOW HITPOINT WARNING * * *
You hit something but do no damage.
Your tail-slap misses something.
Something hits you but does no damage.
You hear some strange, mumbled words.
Something tries to affect you, but you resist.
You're too confused to move!
Something hits you but does no damage. Something hits you.
* * * LOW HITPOINT WARNING * * *
Found a glowing long sword.
You hear some strange, mumbled words.
A puff of flame appears from out of thin air!
The puff of flame hits you.
You die...

#.####.##....#
#.#.#....##
...©#.....#
.#.##....# #.#
##...# . #..
##...# )#©
#.##....#
#..###{....#
#.?..@.....#
##.........#
#####......#
##.....#
#.....#
#.....#
......# .....#


There were no monsters in sight!

Vanquished Creatures
  3 adders (D:2)
  3 orcs
  7 giant cockroaches
  5 hobgoblins
  4 jackals (D:1)
  4 quokkas
  3 ball pythons
  A bat (D:2)
  2 frilled lizards
  7 goblins
  9 kobolds
  6 rats
54 creatures vanquished.

Notes
Turn   | Place    | Note
-------+----------+-------------------------------------------
     0 | D:1      | riojii the Draconian Transmuter began the quest for the
                  | Orb.
     0 | D:1      | Reached XP level 1. HP: 16/16 MP: 3/3
   247 | D:1      | Reached XP level 2. HP: 21/23 MP: 3/5
  1076 | D:2      | Reached XP level 3. HP: 28/28 MP: 6/6
  1236 | D:2      | Reached XP level 4. HP: 7/36 MP: 5/7
  1514 | D:2      | Found a faded altar of an unknown god.
  1954 | D:2      | Learned a level 3 spell: Spider Form
  2105 | D:3      | Found Ifowked's Book Emporium.
  2127 | D:3      | Found a transporter.
  2171 | D:3      | Killed from afar by an orc wizard

Illustrated notes

Levels and vault maps discovered:
D:1:      sevenhm_arrival_forest_fort_small_6, layout_basic
D:2:      layout_basic, hellmonk_ecumenical_altar_pennies_from_heaven,
          corexii_item_surrounded_by_moat
D:3:      layout_basic, serial_shops, shop_statue,
          gammafunk_ghost_abyssal_escape, grunt_decor_junction,
          minmay_randomly_rotated_circles, uniq_natasha

Skill      XL: |  1  2 |
---------------+-------+-----
Dodging        | 2 |  2.3
Fighting       | |  1.9
Unarmed Combat | |  3.8
Spellcasting   | |  2.5
Transmutations | |  2.5

Action                   |  1- 3 |  4- 6 || total
-------------------------+-------+-------++-------
Melee: Unarmed           |    97 |    43 ||   140
       Kick              |    18 |     6 ||    24
       Headbutt          |     7 |     5 ||    12
       Punch             |     3 |       ||     3
       Tailslap          |     8 |     2 ||    10
 Cast: Beastly Appendage |    15 |    11 ||    26
  Use: Scroll            |     2 |     2 ||     4
 Stab: Sleeping          |       |     1 ||     1
Armor: Skin              |    37 |    21 ||    58
Dodge: Dodged            |    74 |    24 ||    98

Table legend: (Time is in decaauts)
 A = Elapsed time spent in this place.
 B = Non-inter-level travel time spent in this place.
 C = Inter-level travel time spent in this place.
 D = Time resting spent in this place.
 E = Time spent auto-exploring this place.
 F = Levels seen in this place.
 G = Mean time per level.
                   A        B        C        D        E       F      G
               +--------+--------+--------+--------+--------+-----+--------+
         Total |   2165 |   2124 |     41 |      0 |   1759 |   3 |  721.7 |
       Dungeon |   2165 |   2124 |     41 |      0 |   1759 |   3 |  721.7 |
               +--------+--------+--------+--------+--------+-----+--------+

Top non-repeatable levels by time:
     D:1: 1048 daAuts
     D:2: 1031 daAuts
     D:3: 86 daAuts
